 Dungeon Crawl Stone Soup version bcrawl-1.24 (webtiles) character file.

Game seed: 12623833281608696625

265 Freyura the Shield-Bearer (level 6, -4/38 HPs)
             Began as a Gargoyle Fighter on June 15, 2020.
             Killed by divine providence
             ... invoked by an orc priest
              (11 damage)
             ... on level 3 of the Dungeon.
             The game lasted 00:05:25 (2079 turns).

Freyura the Shield-Bearer (Gargoyle Fighter)        Turns: 2079, Time: 00:05:25

Health: -4/38      AC: 11    Str: 20    XL:     6   Next: 20%
Magic:  6/6        EV:  6    Int:  8    God:
Gold:   135        SH: 10    Dex: 11    Spells: 5/5 levels left

rFire    . . .     SeeInvis .   a - +1 flail
rCold    . . .     Gourm    .   c - +1 medium shield
rNeg     + . .     Faith    .   b - +0 scale mail
rPois    ∞         Spirit   .   (no helmet)
rElec    +         Reflect  .   (no cloak)
rCorr    .         Harm     .   (no gloves)
MR       .....                  (no boots)
Stlth    ..........             (no amulet)
HPRegen  0.12/turn              (no ring)
MPRegen  0.10/turn              (no ring)

@: no status effects
A: negative energy resistance 1, electricity resistance, unbreathing,
petrification resistance, rot immunity, AC +4
a: no special abilities


You were on level 3 of the Dungeon.
You were not hungry.

You visited 1 branch of the dungeon, and saw 3 of its levels.

You collected 135 gold pieces.

Inventory:

Hand Weapons
 a - a +1 flail (weapon)
Armour
 b - a +0 scale mail (worn)
 c - a +1 medium shield (worn)
Scrolls
 h - a scroll of enchant armour
 j - a scroll of enchant weapon
 k - a scroll of identify
 n - 2 scrolls of remove curse
Potions
 d - a potion of mutation {unknown}
 f - a potion of curing
 i - 2 potions of heal wounds {unknown}
 l - 3 potions of haste
 o - a potion of flight {unknown}
Comestibles
 e - 8 rations {!d}
 g - 2 chunks of flesh


   Skills:
 + Level 4.1 Fighting
 * Level 3.9 Maces & Flails
 + Level 4.2 Armour
 + Level 1.7 Dodging
 + Level 4.3 Shields


You had 5 spell levels left.
You didn't know any spells.
Your spell library was empty.

Dungeon Overview and Level Annotations

Branches:
Dungeon (3/12)

Altars:


Innate Abilities, Weirdness & Mutations

You are resistant to torment.
Your stone body is resilient. (AC +4)
You are immune to poison.
You resist negative energy. (rN+)
You are resistant to electric shocks. (rElec)
You can survive without breathing.
You are immune to petrification.
You are immune to rotting.


Message History

The orc priest is moderately wounded.
The orc priest hits you with a +0 whip.
You hit the orc.
The orc is moderately wounded.
You closely miss the orc.
The orc is moderately wounded.
The orc priest mumbles some strange prayers to Beogh against you.
Beogh smites you!
* * * LOW HITPOINT WARNING * * *
The orc barely misses you.
Your shield and scale mail prevent you from hitting the orc.
You block the orc's attack. The orc hits you.
* * * LOW HITPOINT WARNING * * *
The orc hits you.
* * * LOW HITPOINT WARNING * * *
You closely miss the orc. The orc hits you.
* * * LOW HITPOINT WARNING * * *
The orc priest mumbles some strange prayers to Beogh against you.
Beogh smites you!
You die...

. #. (.. #+#
.... #.# .....
#.#######
....oS#o......#
....ooo@...##.##
.....o##........
..... #....#.###
.... #....# .#
### #....###.##
##...#....#
#......####
###........
#.....#####


You could see an orc priest, an adder and 5 orcs.

Vanquished Creatures
  An ogre (D:2)
  An orc wizard (D:2)
  Jessica (D:2)
  3 gnolls (D:2)
  2 adders (D:2)
  2 worms
  3 dart slugs (D:2)
  8 leopard geckos
  3 bats
  3 giant cockroaches
  11 jackals
  A quokka (D:2)
  3 frilled lizards (D:1)
  3 goblins
  12 kobolds
  3 rats
60 creatures vanquished.

Notes
Turn   | Place    | Note
-------+----------+-------------------------------------------
     0 | D:1      | Freyura the Gargoyle Fighter began the quest for the Orb.
     0 | D:1      | Reached XP level 1. HP: 14/14 MP: 1/1
   184 | D:1      | Reached XP level 2. HP: 12/19 MP: 2/2
   859 | D:1      | Reached XP level 3. HP: 23/23 MP: 3/3
  1071 | D:2      | Reached skill level 1 in Dodging
  1074 | D:2      | Reached XP level 4. HP: 10/28 MP: 4/4
  1295 | D:2      | Noticed an ogre
  1331 | D:2      | Killed an ogre
  1331 | D:2      | Reached XP level 5. HP: 33/33 MP: 5/5
  1469 | D:2      | Noticed Jessica
  1498 | D:2      | Killed Jessica
  1601 | D:2      | Reached XP level 6. HP: 37/38 MP: 6/6
  2079 | D:3      | Killed from afar by an orc priest

Skill      XL: |  1  2  3  4  5 |
---------------+----------------+-----
Dodging        | 1 |  1.7
Maces & Flails | 3 |  3.9
Shields        | 4 |  4.3
Fighting       | 4 |  4.1
Armour         | 4 |  4.2

Action                   |  1- 3 |  4- 6 || total
-------------------------+-------+-------++-------
Melee: Flail             |   161 |   163 ||   324
  Use: Potion            |     1 |       ||     1
       Scroll            |       |     8 ||     8
  Eat: Chunk             |     1 |     4 ||     5
Armor: Scale mail        |    83 |   100 ||   183
Dodge: Dodged            |    39 |    53 ||    92
Block: Medium shield     |    95 |    90 ||   185
